 Dungeon Crawl Stone Soup version 0.30-a0-576-g89cddaab80 (webtiles) character file.

Game seed: 12690722650168086671

12 Crownlay the Chucker (level 2, 0/29 HPs)
             Began as a Gnoll Wanderer on Dec 30, 2022.
             Slain by a jackal (1 damage)
             ... on level 1 of the Dungeon.
             The game lasted 00:01:35 (287 turns).

Crownlay the Chucker (Gnoll Wanderer)                Turns: 287, Time: 00:01:35

Health: 0/29       AC:  3    Str:  8    XL:     2   Next: 33%
Magic:  2/2        EV: 14    Int: 10    God:
Gold:   17         SH:  0    Dex: 15    Spells: 1/1 levels left

rFire   . . .      SeeInvis .    c - +0 quarterstaff
rCold   . . .      Faith    .    (shield currently unavailable)
rNeg    . . .      Spirit   .    f - +0 robe
rPois   .          Reflect  .    d - +0 helmet
rElec   .          Harm     .    (no cloak)
rCorr   .          Rampage  .    (no gloves)
Will    .....                    (no boots)
Stlth   ++                       (no amulet)
HPRegen 0.24/turn                (no ring)
MPRegen 0.08/turn                (no ring)

@: no status effects
A: fangs 1, strong nose, distributed training
a: no special abilities


You were on level 1 of the Dungeon.
You visited 1 branch of the dungeon, and saw 1 of its levels.

You collected 17 gold pieces.

Inventory:

Hand Weapons
 a - a +2 dagger
 c - a +0 quarterstaff (weapon)
Armour
 d - a +0 helmet (worn)
 f - a +0 robe (worn)
 g - a +0 tower shield
Scrolls
 e - a scroll of fear
 j - a scroll of identify {unknown}
Potions
 h - a potion of lignification {unknown}
 i - 2 potions of heal wounds {unknown}
 l - a potion of brilliance {unknown}


   Skills:
 + Level 6.5 Fighting
 + Level 0.4 Short Blades
 + Level 0.4 Long Blades
 + Level 0.4 Axes
 + Level 0.4 Maces & Flails
 + Level 0.4 Polearms
 + Level 2.5 Staves
 + Level 0.4 Ranged Weapons
 + Level 6.5 Throwing
 + Level 2.5 Armour
 + Level 4.5 Dodging
 + Level 0.4 Stealth
 + Level 0.4 Shields
 + Level 0.4 Unarmed Combat
 + Level 0.4 Spellcasting
 + Level 0.2 Conjurations
 + Level 0.2 Hexes
 + Level 0.2 Summonings
 + Level 0.2 Necromancy
 + Level 0.2 Translocations
 + Level 0.2 Transmutations
 + Level 0.2 Fire Magic
 + Level 0.2 Ice Magic
 + Level 0.2 Air Magic
 + Level 0.2 Earth Magic
 + Level 0.2 Poison Magic
 + Level 0.5 Invocations
 + Level 0.4 Evocations


You had one spell level left.
You didn't know any spells.
Your spell library contained the following spells:

 Spells                   Type           Power      Damage    Failure   Level
 Magic Dart               Conj           0%         1d3       32%         1
 Call Imp                 Summ           0%         N/A       45%         2
 Mephitic Cloud           Conj/Pois/Air  0%         N/A       69%         3


Dungeon Overview and Level Annotations

Branches:
Dungeon (1/15)

Altars:


Innate Abilities, Weirdness & Mutations

You have very sharp teeth.
Your uncanny sense of smell can sniff out nearby items.
Your experience applies equally to all skills.


Message History

The gnoll is lightly wounded.
The gnoll hits you with a +0 spear.
You hit the gnoll.
The gnoll is moderately wounded.
The gnoll misses you.
A jackal comes into view.
Nothing quivered!
Nothing quivered!
Nothing quivered!
You closely miss the gnoll.
The gnoll is moderately wounded.
The gnoll closely misses you.
The jackal barks!
You hit the gnoll.
The gnoll is moderately wounded.
You hear a bark!
The gnoll hits you with a +0 spear.
A jackal comes into view.
Okay, then.
Okay, then.
Okay, then.
c - a +0 quarterstaff (weapon)
The gnoll hits you with a +0 spear!
You barely miss the gnoll.
The gnoll is moderately wounded.
A jackal comes into view.
The gnoll closely misses you.
You barely miss the gnoll.
The jackal barks!
You bite the gnoll, but do no damage.
The gnoll is moderately wounded.
The gnoll hits you with a +0 spear. The jackal misses you.
You hit the gnoll. You bite the gnoll, but do no damage.
The gnoll is heavily wounded.
The jackal bites you.
* * * LOW HITPOINT WARNING * * *
The gnoll hits you with a +0 spear!
* * * LOW HITPOINT WARNING * * *
The jackal bites you.
You die...

..#.## #.#...##### ##...
..$...##.........####...
.......###..####...#####
..$.........#...##.#####
............#)..........
............#.†#........
...............#....>...
...............##.......
...$..)@!......##.......
.^.>..hgh.###..##.....†.
......>...# #..##.......
.###.h..[..##..###......
#..###......# #......
.... #..##..# #......
.$...∆ .... ..# ##.....
.(... #..#. #.....
##....


You could see a gnoll and 3 jackals.

Vanquished Creatures
  A giant cockroach (D:1)
  3 hobgoblins (D:1)
  A quokka (D:1)
  2 ball pythons (D:1)
  A bat (D:1)
  A frilled lizard (D:1)
  A kobold (D:1)
  2 rats (D:1)
12 creatures vanquished.

Notes
Turn   | Place    | Note
-------+----------+-------------------------------------------
     0 | D:1      | Crownlay the Gnoll Wanderer began the quest for the Orb.
     0 | D:1      | Crownlay set off with the following items: a +2 dagger, a
                  | curare-tipped dart, a +0 quarterstaff, a +0 helmet, a
                  | scroll of fear, a +0 robe.
     0 | D:1      | Reached XP level 1. HP: 23/23 MP: 1/1
   103 | D:1      | Reached XP level 2. HP: 28/29 MP: 2/2
   287 | D:1      | HP: 1/29 [gnoll/+0 spear (7)]
   287 | D:1      | Slain by a jackal

Illustrated notes

Levels and vault maps discovered:
D:1:      dpeg_arrival_snail, layout_rooms, nicolae_ecumenical_lake_church

Action                   || total
-------------------------++-------
Melee: Dagger            ||    42
       Bite              ||     5
       Quarterstaff      ||     3
       Punch             ||     1
Throw: Dart              ||     2
       Stone             ||    13
Armor: Robe              ||    12
Dodge: Dodged            ||    43

Table legend: (Time is in decaauts)
 A = Elapsed time spent in this place.
 B = Non-inter-level travel time spent in this place.
 C = Inter-level travel time spent in this place.
 D = Time resting spent in this place.
 E = Time spent auto-exploring this place.
 F = Levels seen in this place.
 G = Mean time per level.
                   A        B        C        D        E       F      G
               +--------+--------+--------+--------+--------+-----+--------+
         Total |    282 |    236 |     46 |      0 |    137 |   1 |  282.0 |
       Dungeon |    282 |    236 |     46 |      0 |    137 |   1 |  282.0 |
               +--------+--------+--------+--------+--------+-----+--------+

Top non-repeatable levels by time:
     D:1: 282 daAuts
